 Dungeon Crawl Stone Soup version 0.31-a0-1469-gd420192249 (webtiles) character file.

Game seed: 15642838646844878782

38624 themarg the Hermetic (level 14, 0/103 HPs)
             Began as a Djinni Conjurer on Dec 19, 2023.
             Was an Initiate of Gozag.
             Shot with an arrow by Nessos (3 damage)
             ... on level 5 of the Lair of Beasts on Dec 29, 2023.
             The game lasted 01:46:42 (18602 turns).

themarg the Hermetic (Djinni Conjurer)             Turns: 18602, Time: 01:46:43

Health: 0/103      AC:  9    Str:  6    XL:     14   Next: 35%
Gold:   2968       EV: 15    Int: 26    God:    Gozag SH:  8 Dex: 17

rFire   + + .        s - +1 dagger (freeze)
rCold   . . .        D - +2 buckler
rNeg    . . .        x - +2 robe {rC+}
rPois   ∞            k - +2 hat
rElec   .            o - +2 cloak {rPois}
rCorr   +            (no gloves)
SInv    .            (boots unavailable)
Will    +....        u - amulet of regeneration
Stlth   +++          h - +6 ring of dexterity
HPRegen 1.17/turn    C - ring of resist corrosion
MPRegen 0.00/turn

%: infuse magic (-1 HP)
@: flying
A: sickness immunity, fire resistance 2, cold vulnerability 1, float, innate
caster, HP casting, extra vitality 1
a: Renounce Religion, Potion Petition, Call Merchant, Bribe Branch


You were on level 5 of the Lair of Beasts.
You worshipped Gozag.
Gozag was most pleased with you.
You visited 3 branches of the dungeon, and saw 17 of its levels.

You collected 4400 gold pieces.
You spent 1032 gold pieces at shops.
You paid 400 gold pieces to Gozag.

Inventory:

Hand Weapons
 s - a +1 dagger of freezing (weapon)
 S - a +3 morningstar
Missiles
 j - 5 javelins
 r - 3 silver javelins
 t - 2 throwing nets
 v - 25 poisoned darts
 V - 4 boomerangs
Armour
 k - a +2 hat (worn)
 o - a +2 cloak of poison resistance (worn)
 x - a +2 robe of cold resistance (worn)
 D - a +2 buckler (worn)
Jewellery
 e - a ring of willpower
 h - a +6 ring of dexterity (left hand)
 u - an amulet of regeneration (around neck)
 y - an amulet of the acrobat
 C - a ring of resist corrosion (right hand)
 H - a ring of willpower
 R - a ring of ice
 W - an amulet of reflection
Wands
 q - a wand of roots (6)
 F - a wand of mindburst (17)
 G - a wand of flame (69)
 J - a wand of polymorph (6)
 L - a wand of light (7)
 M - a wand of charming (19)
 X - a wand of digging (4)
Scrolls
 d - a scroll of brand weapon {unknown}
 f - 9 scrolls of teleportation
 i - a scroll of fear
 n - a scroll of noise {unknown}
 p - 2 scrolls of enchant armour
 w - 2 scrolls of poison
 B - 3 scrolls of revelation
 I - a scroll of torment {unknown}
 K - 2 scrolls of vulnerability
 N - a scroll of enchant weapon {unknown}
 P - a scroll of fog {unknown}
 T - a scroll of acquirement {unknown}
 Y - 2 scrolls of blinking
 Z - 2 scrolls of immolation {unknown}
Potions
 a - 3 potions of heal wounds
 b - a potion of ambrosia {unknown}
 c - a potion of magic {unknown}
 g - 3 potions of mutation
 l - 14 potions of curing
 m - 2 potions of haste
 z - 2 potions of brilliance
 A - 4 potions of might
 E - 3 potions of enlightenment
 O - 3 potions of attraction
 Q - 4 potions of lignification
 U - a potion of degeneration {unknown}


   Skills:
 + Level 10.8 Fighting
 - Level 5.0 Short Blades
 - Level 6.0 Throwing
 + Level 6.9 Dodging
 - Level 5.0 Stealth
 + Level 6.6 Shields
 - Level 12.0 Spellcasting
 - Level 12.0 Conjurations
 - Level 12.0 Hexes
 - Level 12.0 Summonings
 - Level 12.0 Necromancy
 - Level 12.0 Translocations
 - Level 12.0 Fire Magic
 - Level 12.0 Ice Magic
 - Level 12.0 Air Magic
 - Level 12.0 Earth Magic
 - Level 15.5 Alchemy
 + Level 6.6 Evocations


You knew the following spells:

 Your Spells              Type           Power      Damage    Failure   Level
a - Magic Dart            Conj           100%       1d8       1%          1
b - Searing Ray           Conj           100%       2d8       1%          2
c - Dazzling Flash        Conj/Hex       100%       N/A       1%          3
d - Fulminant Prism       Conj/Alch      36%        3d17      1%          4
e - Iskenderun's Mystic   Conj/Tloc      67%        2d14      1%          4
f - Sandblast             Erth           100%       2d20      1%          1
g - Fugue of the Fallen   Necr           67%        N/A       1%          3
h - Ignite Poison         Fire/Alch      72%        N/A       1%          4
i - Dispel Undead         Necr           67%        3d23      1%          4
j - Iskenderun's Battles  Conj           67%        2d12      1%          5
Q - Silence               Hex/Air        33%        N/A       1%          5
Your spell library was empty.

Dungeon Overview and Level Annotations

Branches:
Dungeon (11/15)            Temple (1/1) D:4            Lair (5/5) D:11
  Swamp (0/4) Lair:2       Spider (0/4) Lair:3        Slime (0/5) Lair:4
    Orc (0/2) D:10

Altars:
Ashenzari
Cheibriados
Dithmenos
Elyvilon
Fedhas
Gozag
Hepliaklqana
Makhleb
Nemelex Xobeh
Okawaru
Qazlal
Ru
Trog
Uskayaw
Wu Jian
Xom
Yredelemnul
Zin
The Shining One
Jiyva

Shops:
D:2 :   D:3 [   D:5 !   D:8 *!:

Annotations:
D:7 3 runed translucent doors, yetimobile's ghost, novice SpWr
D:11 3 runed translucent doors
Lair:5 exclusion: hydra, Nessos


Innate Abilities, Weirdness & Mutations

You are immune to sickness and miasma.
You are immune to poison.
Your flesh is very heat resistant. (rF++)
You are vulnerable to cold. (rC-)
You float through the air rather than walking.
You learn spells naturally, not from books.
Your magical power is your life essence.
You have superior vitality. (+4 MHP)


Message History

Nessos unwields a +2 longbow of flaming.
It stops flaming.
Nessos hits your fulminant prism!
Nessos kicks your fulminant prism but does no damage.
Casting: Dazzling Flash (safe; 1% risk of failure)
Press: ? - help, Dir - look around, f - activate Nessos wields a +2 longbow of flaming.
It bursts into flame!
Nessos shoots an arrow.
The arrow hits your fulminant prism!! The arrow burns your fulminant prism.
Your fulminant prism detonates feebly.
Nessos shoots an arrow.
The arrow hits you! The arrow burns you.
A nearby plant withers and dies.
Nessos shoots an arrow.
The arrow barely misses you.
Nessos pounds the earth with their hooves.
Nessos shoots an arrow.
The arrow hits you.
Nessos shoots an arrow.
The arrow completely misses your battlesphere.
The arrow closely misses you.
Nessos shoots an arrow.
The arrow hits you!
Nessos shoots an arrow.
The arrow hits your battlesphere!
Nessos gestures wildly while chanting.
Nessos blinks!
Nessos shoots an arrow.
The arrow hits your battlesphere!!
Your battlesphere is destroyed!
Nessos shoots an arrow.
The arrow closely misses you.
You conjure a globe of magical energy.
Nessos shoots an arrow.
The arrow hits you!
* * * LOW HITPOINT WARNING * * *
The arrow burns you.
* * * LOW HITPOINT WARNING * * *
Nessos shoots an arrow.
The arrow barely misses you.
Nessos shoots an arrow.
You block the arrow.
Aiming: Bolt of Light
Press: ? - help, Shift-Dir - straight line, f - Nessos
Aim: Nessos, wielding a +2 longbow of flaming and wearing a +1 barding of fire resistance (lightly wounded, fast, 84% to hit)
The bolt of light hits Nessos!!
Nessos is moderately wounded.
Nessos is blinded.
Nessos shoots an arrow.
The arrow hits you!!
* * * LOW HITPOINT WARNING * * *
The arrow burns you.
You die...
Your body crumbles into a pile of gold.

....♣###...#######......###
....♣♣#P..#.#.............###
~.................#......#..#
≈~~..................#....#.#
≈≈~........*.........##.<..##
~≈~...###.*#.........###....##
~....##
#.#.###P.....##......####
.....#
##.##...*......#...P....#
..♣...
##......@.....###.P....#.
......
#.......##P....###.P...##
.....
#.......####.....##.P.... #.#
####...c####.P...#####...
##.....###.....###....
#.#....#####....##P...
..#.#..c.###.....###...
...#####....####...##....
..... ##§...##.....#.#..


You could see Nessos (fast, blind, unable to see you) and a friendly
battlesphere.

Vanquished Creatures
  Gastronok (D:8)
  Fannar (D:11)
  A hydra (Lair:3)
  An alligator (Lair:2)
  A catoblepas (Lair:3)
  2 two-headed ogres
  6 death yaks (Lair:3)
  A skyshark (Lair:5)
  A fire crab (D:11)
  Pikel (D:8)
  A manticore (D:10)
  2 oklob plants (Lair:1)
  7 elephants
  Joseph (D:7)
  2 black mambas (Lair:3)
  7 cane toads
  A torpor snail (Lair:4)
  Maggie (D:8)
  5 komodo dragons
  A rime drake (Lair:1)
  2 unseen horrors (D:10)
  Psyche (D:8)
  2 hornets
  10 blink frogs
  A jumping spider (Lair:3)
  A wraith (D:11)
  A culicivora (Lair:3)
  48 yaks
  7 wyverns
  2 shadows (D:10)
  A golden eye (Lair:1)
  2 steam dragons
  Grum (D:10)
  4 basilisks
  An acid dragon (D:9)
  8 water moccasins
  2 ice beasts
  A sky beast (D:7)
  9 orc warriors
  2 ogres
  18 wolves
  7 centaurs
  4 lemures (D:8)
  A kobold brigand (D:10)
  9 bullfrogs
  2 gnoll sergeants
  4 scorpions
  9 wights
  6 killer bees (D:7)
  7 howler monkeys
  7 orc priests
  2 hounds
  2 gnoll boudas (D:8)
  6 iguanas
  17 orc wizards
  A sleepcap (D:7)
  7 hell rats (Lair:2)
  19 gnolls
  9 adders
  A white imp (D:6)
  2 ufetubi (D:6)
  A worm (D:2)
  2 dart slugs
  69 orcs
  4 endoplasms
  5 goblins
  10 hobgoblins
  5 jackals
  10 kobolds
  A quokka (D:3)
  7 ball pythons
  2 bats
  3 frilled lizards
  5 rats
414 creatures vanquished.

Vanquished Creatures (others)
  213 fulminant prisms
213 creatures vanquished.

Grand Total: 627 creatures vanquished

Notes
Turn   | Place    | Note
-------+----------+-------------------------------------------
     0 | D:1      | themarg the Djinni Conjurer began the quest for the Orb.
     0 | D:1      | themarg set off with the following spells memorised: Magic
                  | Dart, Searing Ray, Dazzling Flash, Fulminant Prism,
                  | Iskenderun's Mystic Blast.
     0 | D:1      | Reached XP level 1. HP: 15/15 MP: 0/0
   326 | D:1      | Reached XP level 2. HP: 19/21 MP: 0/0
   745 | D:1      | Reached XP level 3. HP: 23/25 MP: 0/0
   745 | D:1      | Learned a level 1 spell: Sandblast
  1335 | D:2      | Reached skill level 4 in Alchemy
  1398 | D:2      | Found Wuset's Book Boutique.
  1440 | D:2      | Found a glowing silver altar of Zin.
  1697 | D:3      | Reached XP level 4. HP: 27/31 MP: 0/0
  1862 | D:3      | Reached XP level 5. HP: 22/35 MP: 0/0
  1862 | D:3      | Learned a level 3 spell: Fugue of the Fallen
  1958 | D:3      | Reached skill level 5 in Spellcasting
  1958 | D:3      | Reached skill level 5 in Conjurations
  1958 | D:3      | Reached skill level 5 in Hexes
  1958 | D:3      | Reached skill level 5 in Summonings
  1958 | D:3      | Reached skill level 5 in Necromancy
  1958 | D:3      | Reached skill level 5 in Translocations
  1958 | D:3      | Reached skill level 5 in Transmutations
  1958 | D:3      | Reached skill level 5 in Fire Magic
  1958 | D:3      | Reached skill level 5 in Ice Magic
  1958 | D:3      | Reached skill level 5 in Air Magic
  1958 | D:3      | Reached skill level 5 in Earth Magic
  1958 | D:3      | Reached skill level 5 in Alchemy
  2220 | D:3      | Found Ocenua's Antique Armour Boutique.
  2466 | D:4      | Reached skill level 1 in Fighting
  2466 | D:4      | Reached XP level 6. HP: 17/42 MP: 0/0
  2746 | D:4      | Reached XP level 7. HP: 37/50 MP: 0/0
  2746 | D:4      | Learned a level 4 spell: Ignite Poison
  2857 | D:4      | Found a large runed translucent door.
  2857 | D:4      | Found a large runed translucent door.
  3085 | D:4      | Found a staircase to the Ecumenical Temple.
  3092 | Temple   | Entered the Ecumenical Temple
  3099 | Temple   | Became a worshipper of Gozag Ym Sagoz the Greedy
  3195 | D:5      | Entered Level 5 of the Dungeon
  3350 | D:5      | Found Poll's Distillery.
  3565 | D:5      | Reached skill level 5 in Fighting
  3713 | D:5      | Bought a potion of brilliance for 44 gold pieces
  3713 | D:5      | Bought a potion of might for 44 gold pieces
  4272 | D:6      | Reached XP level 8. HP: 52/59 MP: 0/0
  5146 | D:7      | Reached skill level 6 in Alchemy
  5147 | D:7      | Reached XP level 9. HP: 58/68 MP: 0/0
  5147 | D:7      | Learned a level 4 spell: Dispel Undead
  5214 | D:7      | Noticed Joseph
  5475 | D:7      | Found a runed translucent gate.
  5475 | D:7      | Found a runed translucent gate.
  5475 | D:7      | Found a runed translucent gate.
  5478 | D:7      | Noticed yetimobile's ghost (novice SpWr)
  5491 | D:7      | Reached skill level 7 in Alchemy
  5513 | D:7      | Reached skill level 1 in Shields
  6151 | D:7      | Killed Joseph
  6152 | D:7      | Reached skill level 1 in Short Blades
  6703 | D:4      | Found a stormy altar of Qazlal.
  6724 | D:4      | Found a basalt altar of Yredelemnul.
  6834 | D:8      | Found Rofym's Book Boutique.
  6866 | D:8      | Reached XP level 10. HP: 62/77 MP: 0/0
  6971 | D:8      | Found Gaptyog's Distillery.
  6981 | D:8      | Bought a potion of mutation for 88 gold pieces
  6981 | D:8      | Bought a potion of invisibility for 88 gold pieces
  6981 | D:8      | Bought a potion of haste for 110 gold pieces
  6981 | D:8      | Bought a potion of lignification for 33 gold pieces
  6999 | D:8      | Noticed Pikel
  7135 | D:8      | Noticed Psyche
  7141 | D:8      | Killed Psyche
  7171 | D:8      | Noticed Maggie
  7496 | D:8      | Killed Maggie
  7569 | D:8      | Noticed Gastronok
  8000 | D:8      | Reached skill level 10 in Fighting
  8051 | D:8      | Killed Pikel
  8099 | D:8      | Found Nolisu's General Store.
  8179 | D:8      | Bought a scroll of identify for 24 gold pieces
  8225 | D:8      | Reached skill level 5 in Short Blades
  8618 | D:8      | Killed Gastronok
  8619 | D:8      | Reached skill level 8 in Alchemy
  8619 | D:8      | Reached XP level 11. HP: 52/85 MP: 0/0
  8619 | D:8      | Learned a level 5 spell: Silence
  8836 | D:9      | Noticed a two-headed ogre
  9615 | D:9      | Reached skill level 1 in Evocations
  9936 | D:9      | Reached skill level 5 in Shields
 10056 | D:9      | Found a burning altar of Makhleb.
 10123 | D:9      | Killed a two-headed ogre
 10216 | D:10     | Entered Level 10 of the Dungeon
 10282 | D:10     | Reached skill level 9 in Alchemy
 10353 | D:10     | Noticed a manticore
 10475 | D:10     | Found a staircase to the Orcish Mines.
 10566 | D:10     | Noticed a two-headed ogre
 10991 | D:10     | Reached skill level 10 in Spellcasting
 10991 | D:10     | Reached skill level 10 in Conjurations
 10991 | D:10     | Reached skill level 10 in Hexes
 10991 | D:10     | Reached skill level 10 in Summonings
 10991 | D:10     | Reached skill level 10 in Necromancy
 10991 | D:10     | Reached skill level 10 in Translocations
 10991 | D:10     | Reached skill level 10 in Transmutations
 10991 | D:10     | Reached skill level 10 in Fire Magic
 10991 | D:10     | Reached skill level 10 in Ice Magic
 10991 | D:10     | Reached skill level 10 in Air Magic
 10991 | D:10     | Reached skill level 10 in Earth Magic
 10991 | D:10     | Reached skill level 10 in Alchemy
 11014 | D:10     | Reached skill level 1 in Throwing
 11014 | D:10     | Reached XP level 12. HP: 91/91 MP: 0/0
 11027 | D:10     | Reached skill level 5 in Dodging
 11077 | D:10     | Noticed Grum
 11083 | D:10     | Killed Grum
 11652 | D:10     | Killed a two-headed ogre
 11717 | D:11     | Found a runed translucent gate.
 11717 | D:11     | Found a runed translucent gate.
 11717 | D:11     | Found a runed translucent gate.
 11719 | D:11     | Noticed a glowing orange brain
 12003 | D:11     | Found a staircase to the Lair.
 12008 | D:11     | Noticed a fire crab
 12187 | D:11     | Identified the +4 great mace of the Gazing Fool {antimagic,
                  | Will+ Dex+4}
 12220 | D:11     | Noticed Fannar
 12275 | D:10     | Reached skill level 14 in Alchemy
 12275 | D:10     | Upgraded the game from 0.31-a0-1300-gb6740aa4e6 to
                  | 0.31-a0-1321-g5021b54cb2
 12696 | D:11     | Killed a fire crab
 12697 | D:11     | Reached skill level 5 in Evocations
 12986 | D:11     | Found a staircase to the Lair.
 13043 | D:11     | Killed Fannar
 13664 | Lair:1   | Entered Level 1 of the Lair of Beasts
 13736 | Lair:1   | Reached skill level 15 in Alchemy
 14002 | Lair:1   | Reached XP level 13. HP: 94/96 MP: 0/0
 14002 | Lair:1   | Learned a level 5 spell: Iskenderun's Battlesphere
 15215 | Lair:2   | Noticed an alligator
 15278 | Lair:2   | Killed an alligator
 15385 | Lair:2   | Reached skill level 5 in Throwing
 15568 | Lair:2   | Reached skill level 5 in Stealth
 15684 | Lair:2   | Found a staircase to the Swamp.
 16096 | Lair:3   | Noticed a catoblepas
 16106 | Lair:3   | Killed a catoblepas
 16495 | Lair:3   | Reached XP level 14. HP: 100/103 MP: 0/0
 16765 | Lair:3   | Found a hole to the Spider Nest.
 17104 | D:3      | Bought a glowing cloak for 217 gold pieces
 17165 | D:5      | Bought a potion of heal wounds for 55 gold pieces
 17165 | D:5      | Bought a potion of curing for 33 gold pieces
 17165 | D:5      | Bought a potion of curing for 33 gold pieces
 17165 | D:5      | Bought a potion of heal wounds for 55 gold pieces
 17285 | D:8      | Bought a wand of roots (6) for 172 gold pieces
 17285 | D:8      | Bought a scroll of teleportation for 36 gold pieces
 18209 | Lair:4   | Found a viscous altar of Jiyva.
 18209 | Lair:4   | Found a staircase to the Slime Pits.
 18410 | Lair:4   | Upgraded the game from 0.31-a0-1321-g5021b54cb2 to
                  | 0.31-a0-1469-gd420192249
 18424 | Lair:5   | Entered Level 5 of the Lair of Beasts
 18585 | Lair:5   | Noticed Nessos
 18602 | Lair:5   | HP: 3/103 [Nessos/arrow (20)]
 18602 | Lair:5   | Shot with an arrow by Nessos

Illustrated notes

Levels and vault maps discovered:
D:1:      orjb1_lava_funnel, layout_basic
D:2:      layout_rooms, serial_shops, shop, basic_altar
D:3:      layout_rooms, serial_shops, shop
D:4:      layout_rooms, jmf_multi_god_temple2,
          minmay_temple_entry_statues_fountains
D:5:      layout_basic, serial_shops, nicolae_shop_waterfront
D:6:      layout_rooms
D:7:      layout_loops_ring, gammafunk_ghost_nasty_kobolds,
          kennysheep_minor_cross, nicolae_eternal_life, uniq_joseph
D:8:      layout_basic, serial_shops, shop, nicolae_shop_tiny_real_fake_doors,
          nicolae_book_shop_shelving, uniq_gastronok, uniq_pikel, uniq_psyche,
          uniq_maggie
D:9:      layout_roguey, general_overflow_altar
D:10:     hangedman_cross_stitches, layout_loops_ring, hiddenorc2_lemuel,
          grunt_ministairs_1, uniq_grum
D:11:     layout_roguey, minmay_lair_entry_lava,
          ploomutoo_gammafunk_ghost_potion_laboratory, uniq_fannar
Temple:   hellmonk_temple_of_storms
Lair:1:   layout_regular_city, disabler_island
Lair:2:   layout_cave_shapes, mainiacjoe_swamp_entry_lozenge_pond,
          lemuel_fruit_fields
Lair:3:   layout_roguey, spider_nest_entry_funnel_web
Lair:4:   layout_hall_layers, slime_entry_1, serial_bayou_pond_d
Lair:5:   due_jungle_book, layout_concentric_octagons,
          grunt_forest_small_clearings, st_stairs_10, uniq_nessos

Skill      XL: |  1  2  3  4  5  6  7  8  9 10 11 12 13 14 |
---------------+-------------------------------------------+-----
Stealth        | 2 5 |  5.0
Spellcasting   | 4 5 6 7 8 10 11 12 | 12.0
Conjurations   | 4 5 6 7 8 10 11 12 | 12.0
Hexes          | 4 5 6 7 8 10 11 12 | 12.0
Summonings     | 4 5 6 7 8 10 11 12 | 12.0
Necromancy     | 4 5 6 7 8 10 11 12 | 12.0
Translocations | 4 5 6 7 8 10 11 12 | 12.0
Transmutations | 4 5 6 7 8 10 9 |  0.0
Fire Magic     | 4 5 6 7 8 10 11 12 | 12.0
Ice Magic      | 4 5 6 7 8 10 11 12 | 12.0
Air Magic      | 4 5 6 7 8 10 11 12 | 12.0
Earth Magic    | 4 5 6 7 8 10 11 12 | 12.0
Alchemy        | 4 5 6 7 8 10 15 | 15.5
Fighting       | 1 3 5 7 8 10 | 10.8
Dodging        | 3 4 5 6 |  6.9
Shields        | 3 5 6 |  6.6
Short Blades   | 2 5 |  5.0
Evocations     | 2 5 6 |  6.6
Throwing       | 1 3 6 |  6.0

Action                     |  1- 3 |  4- 6 |  7- 9 | 10-12 | 13-15 || total
---------------------------+-------+-------+-------+-------+-------++-------
  Melee: Dagger            |       |       |    25 |    57 |     9 ||    91
   Cast: Magic Dart        |    63 |    37 |    38 |    26 |    84 ||   248
         Searing Ray       |     6 |    20 |    39 |    77 |    25 ||   167
         Fulminant Prism   |       |     6 |    33 |   108 |    67 ||   214
         Iskenderun's Myst |       |     2 |     9 |    42 |    25 ||    78
         Dazzling Flash    |       |       |     1 |     3 |     3 ||     7
         Iskenderun's Batt |       |       |       |       |    36 ||    36
 Invoke: Potion Petition   |       |       |       |     1 |       ||     1
  Evoke: Wand              |       |       |       |     3 |     1 ||     4
    Use: Scroll            |       |       |     4 |     7 |     4 ||    15
         Potion            |       |       |     2 |     1 |     1 ||     4
 Armour: Robe              |     5 |     8 |    28 |    73 |    48 ||   162
  Dodge: Dodged            |     3 |     6 |    61 |    82 |    34 ||   186
  Block: Buckler           |       |       |       |    12 |    13 ||    25

Table legend: (Time is in decaauts)
 A = Elapsed time spent in this place.
 B = Non-inter-level travel time spent in this place.
 C = Inter-level travel time spent in this place.
 D = Time resting spent in this place.
 E = Time spent auto-exploring this place.
 F = Levels seen in this place.
 G = Mean time per level.
                   A        B        C        D        E       F      G
               +--------+--------+--------+--------+--------+-----+--------+
         Total |  18594 |  16822 |   1772 |   1214 |  12374 |  17 | 1093.8 |
       Dungeon |  14078 |  12569 |   1509 |   1131 |   8947 |  11 | 1279.8 |
        Temple |     14 |      8 |      6 |      0 |      0 |   1 |   14.0 |
          Lair |   4501 |   4244 |    257 |     83 |   3427 |   5 |  900.2 |
               +--------+--------+--------+--------+--------+-----+--------+

Top non-repeatable levels by time:
     D:8: 2147 daAuts
    D:11: 1923 daAuts
     D:7: 1511 daAuts
    D:10: 1453 daAuts
     D:9: 1421 daAuts
  Lair:2: 1255 daAuts
     D:1: 1222 daAuts
     D:5: 1216 daAuts
  Lair:1: 1196 daAuts
  Lair:4: 983 daAuts
     D:6: 953 daAuts
  Lair:3: 916 daAuts
     D:3: 869 daAuts
     D:4: 783 daAuts
     D:2: 575 daAuts
